BSA
POCATELLO BELLAS @ SPRINGFIELD STARS
09/16/2029
 
TOP OF THE 1ST
Pocatello Bellas batting - Pitching for Springfield Stars : LHP Anthony Erickson
Pitching: LHP Anthony Erickson
Batting: RHB Tomás Carranza 0-0: Called Strike
0-1: Ball
1-1: Foul Ball, location: 2F
1-2: Ball
2-2: Fly out, F8 (Flyball, 89S)
Batting: RHB Francisco Ibarra 0-0: Ball
1-0: Ball
2-0: Ball
3-0: Called Strike
3-1: Fly out, F2 (Popup, 2LF)
Batting: SHB Shane Hutchinson 0-0: Ball
1-0: Ball
2-0: Called Strike
2-1: Foul Ball, location: 2F
2-2: SOLO HOME RUN (Flyball, 7D), Distance : 396 ft
Batting: RHB Paco Arellano 0-0: Foul Ball, location: 2F
0-1: Ball
1-1: Ground out 3-1 (Groundball, 34S)
Top of the 1st over - 1 run, 1 hit, 0 errors, 0 left on base; Pocatello 1 - Springfield 0
BOTTOM OF THE 1ST
Springfield Stars batting - Pitching for Pocatello Bellas : RHP Kevin Bush
Pitching: RHP Kevin Bush
Batting: RHB Norberto Taváres 0-0: Ball
1-0: Ball
2-0: Called Strike
2-1: Foul Ball, location: 2F
2-2: Foul Ball, location: 2F
2-2: Foul Ball, location: 2F
2-2: Foul Ball, location: 2F
2-2: Ball
3-2: Fly out, F9 (Flyball, 9S)
Batting: LHB Jesús Tobías 0-0: Called Strike
0-1: Swinging Strike
0-2: Ball
1-2: Fly out, F5 (Popup, 5SF)
Batting: LHB Derek Davidson 0-0: Swinging Strike
0-1: Ball
1-1: Foul Ball, location: 2F
1-2: Ball
2-2: SOLO HOME RUN (Flyball, 9LD), Distance : 332 ft
Batting: LHB Felipe Guerrero 0-0: Ball
1-0: Ball
2-0: Ground out 5-3 (Groundball, 56)
Bottom of the 1st over - 1 run, 1 hit, 0 errors, 0 left on base; Pocatello 1 - Springfield 1
TOP OF THE 2ND
Pocatello Bellas batting - Pitching for Springfield Stars : LHP Anthony Erickson
Batting: RHB Juan Rodríguez 0-0: Ball
1-0: DOUBLE (Groundball, 5L)
Batting: RHB Millard Boyd 0-0: Ball
1-0: Fly out, F3 (Popup, 3SF)
Batting: RHB Morgan Gibbon 0-0: DOUBLE (Line Drive, 7LD)
Juan Rodríguez scores
Batting: RHB Germán Rosales 0-0: Ball
1-0: Ball
2-0: Ball
3-0: Base on Balls
Batting: LHB John Cotton 0-0: Called Strike
0-1: Foul Ball, location: 2F
0-2: Ball
1-2: SINGLE (Groundball, 34D)
Morgan Gibbon to third
Germán Rosales to second
Runner from 3rd tries for Home, SAFE, throw made home
Batting: RHB Tomás Carranza 0-0: Called Strike
0-1: Ball
1-1: Ball
2-1: Ball
3-1: Base on Balls
Germán Rosales to third
John Cotton to second
Batting: RHB Francisco Ibarra 0-0: Ball
1-0: SINGLE (Line Drive, 4MD)
Germán Rosales scores
John Cotton to third
Tomás Carranza to second
Runner from 3rd tries for Home, SAFE, no throw
Batting: SHB Shane Hutchinson 0-0: Foul Ball, location: 2F
0-1: Called Strike
0-2: Fly out, F7 (Flyball, 7LM)
Batting: RHB Paco Arellano 0-0: Ball
1-0: Ball
2-0: Ball
3-0: Called Strike
3-1: SINGLE (Line Drive, 34D)
Tomás Carranza to third
Francisco Ibarra to second
Throwing error, E9
Tomás Carranza scores
Francisco Ibarra to third
Paco Arellano to second
Batting: RHB Juan Rodríguez 0-0: Ball
1-0: Foul Ball, location: 2F
1-1: Ball
2-1: Foul Ball, location: 2F
2-2: Ball
3-2: Ground out 5-3 (Groundball, 56)
Top of the 2nd over - 5 runs, 5 hits, 1 error, 2 left on base; Pocatello 6 - Springfield 1
BOTTOM OF THE 2ND
Springfield Stars batting - Pitching for Pocatello Bellas : RHP Kevin Bush
Batting: LHB Elliott Newell 0-0: Ball
1-0: Foul Ball, location: 2F
1-1: Foul Ball, location: 2F
1-2: Ball
2-2: Foul Ball, location: 2F
2-2: SINGLE (Groundball, 6MD)
Batting: SHB António De La Cruz 0-0: Ball
1-0: Called Strike
1-1: Foul Ball, location: 2F
1-2: Foul Ball, location: 2F
1-2: Foul Ball, location: 2F
1-2: Foul Ball, location: 2F
1-2: Ball
2-2: DOUBLE (Flyball, 8LXD)
Elliott Newell to third
Batting: RHB Calvin Bennett 0-0: Called Strike
0-1: Foul Ball, location: 2F
0-2: Ball
1-2: Fly out, F7 (Line Drive, 7LM)
Batting: LHB Mike Pearson 0-0: Ball
1-0: Ball
2-0: Foul Ball, location: 2F
2-1: SINGLE (Groundball, 4MD)
Elliott Newell scores
António De La Cruz to third
Runner from 3rd tries for Home, SAFE, no throw
Batting: RHB Juan Carlos Rodríguez 0-0: Ball
1-0: Fly out, F9 (Flyball, 9LS)
Batting: RHB Norberto Taváres 0-0: Called Strike
0-1: Ball
1-1: Ball
2-1: Foul Ball, location: 2F
2-2: Ball
3-2: Strikes out looking
Bottom of the 2nd over - 2 runs, 3 hits, 0 errors, 1 left on base; Pocatello 6 - Springfield 3
TOP OF THE 3RD
Pocatello Bellas batting - Pitching for Springfield Stars : LHP Anthony Erickson
Batting: RHB Millard Boyd 0-0: Called Strike
0-1: Foul Ball, location: 2F
0-2: Ball
1-2: Ball
2-2: SINGLE (Groundball, 6MS) (infield hit)
Batting: RHB Morgan Gibbon 0-0: Grounds into double play, 5-4-3 (Groundball, 5L)
Batting: RHB Germán Rosales 0-0: Called Strike
0-1: Foul Ball, location: 2F
0-2: Foul Ball, location: 2F
0-2: Ball
1-2: Strikes out looking
Top of the 3rd over - 0 runs, 1 hit, 0 errors, 0 left on base; Pocatello 6 - Springfield 3
BOTTOM OF THE 3RD
Springfield Stars batting - Pitching for Pocatello Bellas : RHP Kevin Bush
Batting: LHB Jesús Tobías 0-0: Fly out, F9 (Flyball, 89D)
Batting: LHB Derek Davidson 0-0: Ball
1-0: Called Strike
1-1: Foul Ball, location: 2F
1-2: Ball
2-2: Foul Ball, location: 2F
2-2: Foul Ball, location: 2F
2-2: SOLO HOME RUN (Flyball, 9LD), Distance : 346 ft
Batting: LHB Felipe Guerrero 0-0: Ball
1-0: Called Strike
1-1: Fly out, F9 (Flyball, 89D)
Batting: LHB Elliott Newell 0-0: Ball
1-0: Ball
2-0: SINGLE (Line Drive, 9LM)
Batting: SHB António De La Cruz 0-0: Foul Ball, location: 2F
0-1: Fly out, F3 (Popup, 3SF)
Bottom of the 3rd over - 1 run, 2 hits, 0 errors, 1 left on base; Pocatello 6 - Springfield 4
TOP OF THE 4TH
Pocatello Bellas batting - Pitching for Springfield Stars : LHP Anthony Erickson
Batting: LHB John Cotton 0-0: Fly out, F7 (Flyball, 78D)
Batting: RHB Tomás Carranza 0-0: Called Strike
0-1: Ball
1-1: Fly out, F4 (Line Drive, 4M)
Batting: RHB Francisco Ibarra 0-0: Called Strike
0-1: Ball
1-1: Ball
2-1: Called Strike
2-2: Strikes out swinging
Top of the 4th over - 0 runs, 0 hits, 0 errors, 0 left on base; Pocatello 6 - Springfield 4
BOTTOM OF THE 4TH
Springfield Stars batting - Pitching for Pocatello Bellas : RHP Kevin Bush
Batting: RHB Calvin Bennett 0-0: Called Strike
0-1: Ball
1-1: SINGLE (Flyball, 89M)
Batting: LHB Mike Pearson 0-0: Called Strike
0-1: Fielders Choice at 2nd, 6-4 (Groundball, 56)
Batting: RHB Juan Carlos Rodríguez 0-0: Called Strike
0-1: Ball
1-1: Swinging Strike
1-2: Fly out, F7 (Flyball, 7LM)
Batting: RHB Norberto Taváres 0-0: Ball
1-0: Foul Ball, location: 2F
1-1: Foul Ball, location: 2F
1-2: SINGLE (Groundball, 56D)
Mike Pearson to second
Batting: LHB Jesús Tobías 0-0: Swinging Strike
0-1: Ball
1-1: Swinging Strike
1-2: Foul Ball, location: 2F
1-2: Foul Ball, location: 2F
1-2: Fly out, F7 (Flyball, 78M)
Bottom of the 4th over - 0 runs, 2 hits, 0 errors, 2 left on base; Pocatello 6 - Springfield 4
TOP OF THE 5TH
Pocatello Bellas batting - Pitching for Springfield Stars : LHP Anthony Erickson
Batting: SHB Shane Hutchinson 0-0: Called Strike
0-1: Ball
1-1: Called Strike
1-2: Strikes out swinging
Batting: RHB Paco Arellano 0-0: Ball
1-0: Called Strike
1-1: Ball
2-1: Foul Ball, location: 2F
2-2: Fly out, F9 (Flyball, 89D)
Batting: RHB Juan Rodríguez 0-0: Ball
1-0: Ball
2-0: Foul Ball, location: 2F
2-1: Foul Ball, location: 2F
2-2: SINGLE (Groundball, 34D)
Batting: RHB Millard Boyd 0-0: Swinging Strike
0-1: SINGLE (Flyball, 7S)
Juan Rodríguez to second
Pitching: RHP John Drake
Batting: RHB Morgan Gibbon 0-0: Ball
1-0: Swinging Strike
1-1: Foul Ball, location: 2F
1-2: Ball
2-2: Ball
3-2: Foul Ball, location: 2F
3-2: SINGLE (Flyball, 9LS)
Juan Rodríguez to third
Millard Boyd to second
Juan Rodríguez scores
Millard Boyd to third
Batting: RHB Germán Rosales 0-0: Called Strike
0-1: Ball
1-1: Ball
2-1: Foul Ball, location: 2F
2-2: Ball
3-2: Foul Ball, location: 2F
3-2: Strikes out looking
Top of the 5th over - 1 run, 3 hits, 0 errors, 2 left on base; Pocatello 7 - Springfield 4
BOTTOM OF THE 5TH
Springfield Stars batting - Pitching for Pocatello Bellas : RHP Kevin Bush
Batting: LHB Derek Davidson 0-0: Ball
1-0: Ball
2-0: Foul Ball, location: 2F
2-1: Ball
3-1: Base on Balls
Batting: LHB Felipe Guerrero 0-0: Ball
1-0: Called Strike
1-1: Ball
Derek Davidson steals 2nd base
2-1: Ball
3-1: Called Strike
3-2: Foul Ball, location: 2F
3-2: Base on Balls
Pitching: RHP Tatsuzo Harada
Batting: LHB Elliott Newell 0-0: Foul Ball, location: 2F
0-1: Foul Ball, location: 2F
0-2: Foul Ball, location: 2F
0-2: Foul Ball, location: 2F
0-2: Strikes out looking
Batting: SHB António De La Cruz 0-0: Ball
1-0: SINGLE (Line Drive, 6D)
Derek Davidson to third
Felipe Guerrero to second
Batting: RHB Calvin Bennett 0-0: Ball
1-0: Swinging Strike
1-1: SINGLE (Line Drive, 8RS)
Derek Davidson scores
Felipe Guerrero to third
António De La Cruz to second
Batting: LHB Mike Pearson 0-0: Called Strike
0-1: Ball
1-1: SINGLE (Line Drive, 9S)
Felipe Guerrero scores
António De La Cruz to third
Calvin Bennett to second
Batting: RHB Juan Carlos Rodríguez 0-0: Called Strike
0-1: Ball
1-1: Called Strike
1-2: GRAND SLAM HOME RUN (Flyball, 7D), Distance : 391 ft
Pitching: RHP José Salinas
Batting: RHB Norberto Taváres 0-0: Foul Ball, location: 2F
0-1: Ball
1-1: Ball
2-1: Ball
3-1: Called Strike
3-2: Foul Ball, location: 2F
3-2: Foul Ball, location: 2F
3-2: Ground out 6-3 (Groundball, 6)
Batting: LHB Jesús Tobías 0-0: Fly out, F8 (Line Drive, 8LS)
Bottom of the 5th over - 6 runs, 4 hits, 0 errors, 0 left on base; Pocatello 7 - Springfield 10
TOP OF THE 6TH
Pocatello Bellas batting - Pitching for Springfield Stars : RHP John Drake
Batting: LHB John Cotton 0-0: Called Strike
0-1: Swinging Strike
0-2: Ball
1-2: Ball
2-2: Fly out, F9 (Flyball, 9S)
Batting: RHB Tomás Carranza 0-0: Called Strike
0-1: Swinging Strike
0-2: Ball
1-2: Ball
2-2: Ball
3-2: Ground out 3-1 (Groundball, 34S)
Batting: RHB Francisco Ibarra 0-0: Swinging Strike
0-1: Ball
1-1: Foul Ball, location: 2F
1-2: Strikes out swinging
Top of the 6th over - 0 runs, 0 hits, 0 errors, 0 left on base; Pocatello 7 - Springfield 10
BOTTOM OF THE 6TH
Springfield Stars batting - Pitching for Pocatello Bellas : RHP José Salinas
Batting: LHB Derek Davidson 0-0: Ball
1-0: Ball
2-0: Ball
3-0: Base on Balls
Batting: LHB Felipe Guerrero 0-0: Ball
1-0: Ball
2-0: SINGLE (Line Drive, 78S)
Derek Davidson to second
Batting: LHB Elliott Newell 0-0: Ball
1-0: Foul Ball, location: 2F
1-1: Foul Ball, location: 2F
1-2: Ball
2-2: Foul Ball, location: 2F
2-2: Foul Ball, location: 2F
2-2: Ball
3-2: Ground out 3-1 (Groundball, 2R)
Derek Davidson to third
Felipe Guerrero to second
Batting: SHB António De La Cruz 0-0: Ball
1-0: Foul Ball, location: 2F
1-1: Foul Ball, location: 2F
1-2: Foul Ball, location: 2F
1-2: Foul Ball, location: 2F
1-2: Ball
2-2: SINGLE (Flyball, 9S)
Derek Davidson scores
Felipe Guerrero to third
Batting: RHB Calvin Bennett 0-0: Ball
1-0: Called Strike
1-1: Called Strike
1-2: Strikes out swinging
Batting: LHB Mike Pearson 0-0: Called Strike
0-1: Foul Ball, location: 2F
0-2: Ball
1-2: Ball
2-2: Foul Ball, location: 2F
2-2: Fielders Choice at 2nd, 6-4 (Groundball, 6)
Bottom of the 6th over - 1 run, 2 hits, 0 errors, 2 left on base; Pocatello 7 - Springfield 11
TOP OF THE 7TH
Pocatello Bellas batting - Pitching for Springfield Stars : RHP John Drake
Batting: SHB Shane Hutchinson 0-0: Ball
1-0: Ball
2-0: Ball
3-0: Base on Balls
Batting: RHB Paco Arellano 0-0: Foul Ball, location: 2F
0-1: Ball
Pickoff Throw to First - Out!
1-1: Foul Ball, location: 2F
1-2: Ball
2-2: Ball
3-2: Base on Balls
Pitching: RHP Todd Brewster
Batting: RHB Juan Rodríguez 0-0: Ball
1-0: Ball
2-0: Foul Ball, location: 2F
2-1: Foul Ball, location: 2F
2-2: Strikes out swinging
Batting: RHB Millard Boyd 0-0: Called Strike
0-1: Ball
1-1: Ball
2-1: Foul Ball, location: 2F
2-2: Foul Ball, location: 2F
2-2: Strikes out swinging
Top of the 7th over - 0 runs, 0 hits, 0 errors, 1 left on base; Pocatello 7 - Springfield 11
BOTTOM OF THE 7TH
Springfield Stars batting - Pitching for Pocatello Bellas : RHP José Salinas
Batting: RHB Juan Carlos Rodríguez 0-0: Ball
1-0: SINGLE (Groundball, 56D)
Batting: RHB Norberto Taváres 0-0: Ball
1-0: SINGLE (Groundball, 34S) (infield hit)
Juan Carlos Rodríguez to second
Pitching: LHP Jesús López
Batting: LHB Jesús Tobías 0-0: Ball
1-0: Called Strike
1-1: Ball
2-1: Ball
3-1: Base on Balls
Juan Carlos Rodríguez to third
Norberto Taváres to second
Batting: LHB Derek Davidson 0-0: Foul Ball, location: 2F
0-1: Foul Ball, location: 2F
0-2: Ball
1-2: Ball
2-2: Foul Ball, location: 2F
2-2: Foul Ball, location: 2F
2-2: Ball
3-2: Base on Balls
Juan Carlos Rodríguez scores
Norberto Taváres to third
Jesús Tobías to second
Batting: LHB Felipe Guerrero 0-0: Ball
1-0: Ball
2-0: Called Strike
2-1: Foul Ball, location: 2F
2-2: Foul Ball, location: 2F
2-2: Ball
3-2: Strikes out swinging
Batting: LHB Elliott Newell 0-0: Ball
1-0: Fly out, F9 (Line Drive, 9D)
Runner from 3rd tags up, SCORES, throw made
Pitching: RHP Paco Canpos
Batting: SHB António De La Cruz 0-0: Called Strike
0-1: Ball
1-1: Ball
2-1: Ball
3-1: Base on Balls
Jesús Tobías to third
Derek Davidson to second
Batting: RHB Calvin Bennett 0-0: Ball
1-0: Ball
2-0: Called Strike
2-1: Swinging Strike
2-2: Ball
3-2: Foul Ball, location: 2F
3-2: Fly out, F9 (Flyball, 89D)
Bottom of the 7th over - 2 runs, 2 hits, 0 errors, 3 left on base; Pocatello 7 - Springfield 13
TOP OF THE 8TH
Pocatello Bellas batting - Pitching for Springfield Stars : RHP Todd Brewster
Batting: RHB Morgan Gibbon 0-0: Called Strike
0-1: Called Strike
0-2: Ball
1-2: Ball
2-2: Ball
3-2: Fly out, F8 (Flyball, 8RD)
Batting: RHB Germán Rosales 0-0: Fly out, F7 (Flyball, 7S)
Batting: LHB John Cotton 0-0: Called Strike
0-1: Ball
1-1: Ball
2-1: Foul Ball, location: 2F
2-2: Fly out, F9 (Flyball, 9LDF)
Top of the 8th over - 0 runs, 0 hits, 0 errors, 0 left on base; Pocatello 7 - Springfield 13
BOTTOM OF THE 8TH
Springfield Stars batting - Pitching for Pocatello Bellas : RHP Paco Canpos
Batting: LHB Mike Pearson 0-0: Foul Ball, location: 2F
0-1: SINGLE (Groundball, 56D)
Batting: RHB Juan Carlos Rodríguez 0-0: Ball
1-0: Ball
2-0: Ball
3-0: Foul Ball, location: 2F
3-1: Called Strike
3-2: Fly out, F7 (Flyball, 78S)
Batting: RHB Norberto Taváres 0-0: Called Strike
0-1: Fly out, F7 (Flyball, 78M)
Batting: LHB Jesús Tobías 0-0: Ball
1-0: Ball
2-0: Ball
3-0: Base on Balls
Mike Pearson to second
Batting: LHB Derek Davidson 0-0: Foul Ball, location: 2F
0-1: Ball
1-1: Ground out U3 (Groundball, 3)
Bottom of the 8th over - 0 runs, 1 hit, 0 errors, 2 left on base; Pocatello 7 - Springfield 13
TOP OF THE 9TH
Pocatello Bellas batting - Pitching for Springfield Stars : RHP Todd Brewster
Now at 2B: Dave Henderson
Batting: RHB Tomás Carranza 0-0: Ground out 4-3 (Groundball, 4)
Batting: RHB Francisco Ibarra 0-0: Called Strike
0-1: Swinging Strike
0-2: Ball
1-2: Strikes out swinging
Batting: SHB Shane Hutchinson 0-0: Ball
1-0: Foul Ball, location: 2F
1-1: Called Strike
1-2: Foul Ball, location: 2F
1-2: Foul Ball, location: 2F
1-2: Ball
2-2: Ball
3-2: Base on Balls
Batting: RHB Paco Arellano 0-0: Swinging Strike
0-1: Ball
1-1: Ball
2-1: Swinging Strike
2-2: Fly out, F9 (Flyball, 9LD)
Top of the 9th over - 0 runs, 0 hits, 0 errors, 1 left on base; Pocatello 7 - Springfield 13
Saturday, December 16th, 2017 - OOTP Baseball 18.8 Build 76